 Dungeon Crawl Stone Soup version 0.31-a0-810-ga77100ea1a (webtiles) character file.

Game seed: 9133185999456830908

63 dynsetu the Ruffian (level 4, -5/37 HPs)
             Began as a Merfolk Berserker on Sept 22, 2023.
             Was a Believer of Trog.
             Slain by a cerulean imp
             ... wielding a +2 spear
             ... summoned by Natasha
              (6 damage)
             ... on level 2 of the Dungeon.
             The game lasted 00:01:40 (976 turns).

dynsetu the Ruffian (Merfolk Berserker)              Turns: 976, Time: 00:01:41

Health: -5/37      AC:  2    Str: 17    XL:     4   Next: 10%
Magic:  4/4        EV: 13    Int:  6    God:    Trog [**....]
Gold:   36         SH:  0    Dex: 15    Spells: 3/3 levels left

rFire   . .          .
                       - Unarmed
rCold   . . .        (no shield)
rNeg    . . .        a - +0 animal skin
rPois   .            (no helmet)
rElec   .            (no cloak)
rCorr   +            (no gloves)
SInv    .            (no boots)
Will    .....        (no amulet)
Stlth   ++           e - ring of resist corrosion
HPRegen 0.26/turn    (no ring)
MPRegen 0.09/turn

%: no passive effects
@: on berserk cooldown, hasted and slowed
A: (nimble swimmer 2), mertail
a: Renounce Religion, Berserk, Trog's Hand


You were on level 2 of the Dungeon.
You worshipped Trog.
Trog was pleased with you.
You visited 1 branch of the dungeon, and saw 2 of its levels.

You collected 36 gold pieces.

Inventory:

Armour
 a - a +0 animal skin (worn)
Jewellery
 e - a ring of resist corrosion (left hand)
Scrolls
 c - a scroll of identify {unknown}
 d - a scroll of amnesia {unknown}


   Skills:
 + Level 3.9 Fighting
 + Level 1.6 Armour
 + Level 3.2 Dodging
 + Level 0.7 Stealth
 + Level 4.4 Unarmed Combat


You had 3 spell levels left.
You didn't know any spells.
Your spell library was empty.

Dungeon Overview and Level Annotations

Branches:
Dungeon (2/15)

Altars:

Shops:
D:1 *

Annotations:
D:2 Natasha


Innate Abilities, Weirdness & Mutations

((You are very nimble when in or above water. (Stealth+, EV+, Speed+++)))
Your lower body shifts to a powerful aquatic tail in water.


Message History

You kill Natasha!
Trog accepts your kill.
Trog appreciates your killing of a magic user.
Natasha screams in pain as she dies!
The cerulean imp disappears in a puff of smoke!
You have reached level 4!
Okay, then.
Natasha, Servant of Life and Death comes into view.
You feel a strong urge to attack something.
Natasha hisses angrily.
Natasha growls.
You feel your anger nearly subside.
You are no longer berserk.
You are exhausted.
You feel as though you will be slow longer.
Natasha stares at you and mumbles some strange words.
You feel as though you will be slow longer.
Unknown command.
Okay, then.
It was a potion of haste.
You feel yourself speed up. Natasha casts a spell at you.
You feel as though you will be slow longer.
Natasha claws you!
* * * LOW HITPOINT WARNING * * *
You hit Natasha but do no damage. Natasha misses you.
You hit Natasha.
Natasha is moderately wounded.
Natasha claws you.
* * * LOW HITPOINT WARNING * * *
You barely miss Natasha.
Natasha is moderately wounded.
Natasha howls an incantation.
Natasha's front paws start to glow.
Natasha mumbles some strange words.
You hit Natasha.
Natasha is heavily wounded.
Natasha barely misses you.
You punch Natasha!
Natasha is almost dead.
The cerulean imp hits you from afar with a +2 spear.
You die...

#.....#
#.....#......#
#.....#......#
#.....#......#
#..†###......#
#.#..##......#
#5##.##......#
#h##..#......#
##@###....#...#####
#..##..........##..
#.##......h......)#
#.##.............##
#.##.............#
##.###............##
#..>......##...##...
#...####..#######.##
##### #....# #.##


You could see Natasha and a cerulean imp (summoned).

Vanquished Creatures
  Natasha (D:2)
  A worm (D:2)
  3 dart slugs (D:1)
  An endoplasm (D:1)
  5 hobgoblins
  3 kobolds (D:1)
  A quokka (D:2)
  3 ball pythons (D:1)
  A bat (D:1)
  4 frilled lizards (D:1)
  6 goblins
  A rat (D:2)
30 creatures vanquished.

Notes
Turn   | Place    | Note
-------+----------+-------------------------------------------
     0 | D:1      | dynsetu the Merfolk Berserker began the quest for the Orb.
     0 | D:1      | Reached XP level 1. HP: 18/18 MP: 1/1
   264 | D:1      | Reached XP level 2. HP: 24/24 MP: 2/2
   605 | D:1      | Found Zomuur's Assorted Antiques.
   702 | D:1      | Reached XP level 3. HP: 22/30 MP: 3/3
   786 | D:1      | Reached ** piety under Trog
   909 | D:2      | Reached skill level 4 in Unarmed Combat
   949 | D:2      | Noticed Natasha
   960 | D:2      | Killed Natasha
   961 | D:2      | Reached XP level 4. HP: 16/37 MP: 4/4
   962 | D:2      | Noticed Natasha
   973 | D:2      | HP: 1/37 [Natasha (6)]
   976 | D:2      | Slain by a cerulean imp

Illustrated notes

Levels and vault maps discovered:
D:1:      scummos_arrival_gate, layout_loops_ring, serial_shops,
          nicolae_shop_gibbet_a_chance
D:2:      layout_rooms, uniq_natasha, uniq_terence

Skill      XL: |  1  2  3 |
---------------+----------+-----
Dodging        | 3 |  3.2
Unarmed Combat | 4 |  4.4
Fighting       | |  3.9
Armour         | |  1.6
Stealth        | |  0.7

Action                     |  1- 3 |  4- 6 || total
---------------------------+-------+-------++-------
  Melee: Unarmed           |    96 |     5 ||   101
         Punch             |     4 |       ||     4
 Invoke: Berserk           |     1 |       ||     1
    Use: Potion            |       |     1 ||     1
   Stab: Sleeping          |     2 |       ||     2
 Armour: Animal skin       |    36 |     3 ||    39
  Dodge: Dodged            |    50 |     2 ||    52

Table legend: (Time is in decaauts)
 A = Elapsed time spent in this place.
 B = Non-inter-level travel time spent in this place.
 C = Inter-level travel time spent in this place.
 D = Time resting spent in this place.
 E = Time spent auto-exploring this place.
 F = Levels seen in this place.
 G = Mean time per level.
                   A        B        C        D        E       F      G
               +--------+--------+--------+--------+--------+-----+--------+
         Total |    972 |    964 |      8 |      0 |    761 |   2 |  486.0 |
       Dungeon |    972 |    964 |      8 |      0 |    761 |   2 |  486.0 |
               +--------+--------+--------+--------+--------+-----+--------+

Top non-repeatable levels by time:
     D:1: 835 daAuts
     D:2: 137 daAuts
